 Dungeon Crawl Stone Soup version 0.25.1-11-g244df3a29b (webtiles) character file.

Game seed: 10660584134606572182

45259 tkbsonic5 the Markscentaur (level 14, -2/119 HPs)
             Began as a Centaur Hunter on Dec 3, 2022.
             Was a High Priest of Nemelex Xobeh.
             Slain by a wolf spider (19 damage)
             ... on level 1 of the Spider Nest.
             The game lasted 01:37:25 (20067 turns).

tkbsonic5 the Markscentaur (Centaur Hunter)        Turns: 20067, Time: 01:37:26

Health: -2/119     AC: 15    Str: 23    XL:     14   Next: 0%
Magic:  21/21      EV:  4    Int: 10    God:    Nemelex Xobeh [*****.]
Gold:   84         SH:  0    Dex: 19    Spells: 3/16 levels left

rFire    . . .     SeeInvis +   q - +7 longbow (flame)
rCold    . . .     Gourm    .   (shield currently unavailable)
rNeg     . . .     Faith    .   u - +1 ring mail {rPois}
rPois    +         Spirit   .   (no helmet)
rElec    +         Reflect  .   (no cloak)
rCorr    .         Harm     .   h - +0 pair of gloves "Ifiramux" {-Tele rElec Dex+6 Stlth+}
MR       +....     NoTele   +   e - +3 centaur barding {Stlth+}
Stlth    +++.......             (no amulet)
HPRegen  0.29/turn              L - +6 ring of strength
MPRegen  0.17/turn              D - ring of see invisible

@: lethally poisoned (-2 -> -23), held, very quick
A: large, hooves 3, deformed body, speed 2, tough skin 3
a: Draw Escape, Draw Destruction, Draw Summoning, Draw Stack, Triple Draw, Deal
Four, Stack Five, Renounce Religion


You were on level 1 of the Spider Nest.
You worshipped Nemelex Xobeh.
Nemelex Xobeh was extremely pleased with you.
You were full.

You visited 4 branches of the dungeon, and saw 21 of its levels.

You collected 1249 gold pieces.
You spent 1165 gold pieces at shops.

Inventory:

Hand Weapons
 q - a +7 longbow of flaming (weapon)
Missiles
 d - 316 arrows (quivered)
 j - 2 throwing nets
 y - 35 poisoned darts
 J - 8 curare-tipped darts
Armour
 e - a +3 centaur barding of stealth (worn)
 g - a +2 ring mail of positive energy
 h - the +0 pair of gloves "Ifiramux" (worn) {-Tele rElec Dex+6 Stlth+}
   (You bought it in a shop on level 13 of the Dungeon)

   It affects your dexterity (+6).
   It insulates you from electricity.
   It prevents most forms of teleportation.
   It makes you more stealthy.
 m - a +5 scale mail
 u - a +1 ring mail of poison resistance (worn)
 A - a +1 centaur barding
Jewellery
 a - an uncursed ring of fire
 b - an uncursed ring of magical power
 p - an uncursed ring of protection from cold
 x - an uncursed ring of protection from cold
 C - an uncursed ring of magical power
 D - a ring of see invisible (right hand)
 L - a +6 ring of strength (left hand)
Wands
 w - a wand of polymorph (12)
 E - a wand of flame (22)
 O - a wand of acid (6)
 R - a wand of random effects (45)
Scrolls
 i - 2 scrolls of magic mapping
 k - 13 scrolls of remove curse
 t - a scroll of silence
 v - 11 scrolls of teleportation
 K - 3 scrolls of blinking
 N - a scroll of fog
Potions
 l - a potion of haste
 n - 11 potions of curing
 o - 2 potions of stabbing
 r - a potion of mutation
 s - 4 potions of brilliance
 z - 4 potions of might
 B - 3 potions of ambrosia
 F - 2 potions of cancellation
 H - 3 potions of magic
 I - a potion of resistance
 Q - a potion of berserk rage
 V - a potion of flight
Miscellaneous
 c - a box of beasts
Comestibles
 f - 30 rations
 G - a chunk of flesh


   Skills:
 * Level 9.7 Fighting
   Level 0.3 Short Blades
 * Level 19.9 Bows
 + Level 2.1 Armour
 + Level 2.7 Dodging
 - Level 0.4 Stealth
 + Level 1.7 Spellcasting
 + Level 2.2 Hexes
 + Level 2.2 Charms
 * Level 3.1 Summonings
 + Level 9.6 Invocations
 + Level 10.0 Evocations


You had 3 spell levels left.
You knew the following spells:

 Your Spells              Type           Power        Failure   Level  Hunger
a - Summon Butterflies    Summ           #.......     14%         1    ##.....
b - Corona                Hex            #......      21%         1    ##.....
c - Infusion              Chrm           #...         21%         1    ##.....
d - Ensorcelled Hibernat  Hex/Ice        #.....       43%         2    ###....
e - Sandblast             Erth           #.....       45%         1    ##.....
f - Song of Slaying       Chrm           #.......     30%         2    ###....
g - Slow                  Hex            #.......     30%         2    ###....
h - Confusing Touch       Hex            #.......     52%         3    ####...

Your spell library contained the following spells:

 Spells                   Type           Power        Failure   Level  Hunger
 Call Canine Familiar     Summ           #.......     38%         3    ####...
 Shroud of Golubria       Chrm/Tloc      #.....       43%         2    ###....
 Animate Skeleton         Necr           N/A          45%         1    ##.....
 Apportation              Tloc           #.....       45%         1    ##.....
 Pain                     Necr           #...         45%         1    ##.....
 Spectral Weapon          Hex/Chrm       #.......     52%         3    ####...
 Tukima's Dance           Hex            #.......     52%         3    ####...
 Passwall                 Tmut/Erth      #.......     58%         2    ###....
 Recall                   Summ/Tloc      N/A          61%         3    ####...
 Dazzling Flash           Conj/Hex       #.....       67%         3    ####...
 Inner Flame              Hex/Fire       #.......     67%         3    ####...
 Ozocubu's Armour         Chrm/Ice       #.......     67%         3    ####...
 Portal Projectile        Hex/Tloc       #.....       67%         3    ####...
 Gell's Gravitas          Tloc           #.........   83%         3    ####...
 Lesser Beckoning         Tloc           #.........   83%         3    ####...
 Static Discharge         Conj/Air       #.......     83%         3    ####...
 Stone Arrow              Conj/Erth      #.....       83%         3    ####...
 Vampiric Draining        Necr           #.........   83%         3    ####...
 Cause Fear               Hex            #.........   90%         4    #####..
 Summon Lightning Spire   Summ/Air       #.......     95%         4    #####..
 Leda's Liquefaction      Hex/Erth       #.........   97%         4    #####..
 Animate Dead             Necr           N/A          99%         4    #####..
 Petrify                  Tmut/Erth      #.......     99%         4    #####..
 Agony                    Necr           #.......     100%        5    ######.
 Alistair's Intoxication  Tmut/Pois      #.......     100%        5    ######.
 Bolt of Magma            Conj/Fire/Erth #.........   100%        5    ######.
 Lee's Rapid Deconstruct  Erth           #.........   100%        5    ######.
 Lightning Bolt           Conj/Air       #.........   100%        5    ######.
 Metabolic Englaciation   Hex/Ice        #.........   100%        5    ######.
 Silence                  Hex/Air        #.........   100%        5    ######.
 Yara's Violent Unravell  Hex/Tmut       #.........   100%        5    ######.
 Conjure Ball Lightning   Conj/Air       #.........   100%        6    #######
 Invisibility             Hex            #.......     100%        6    #######
 Iron Shot                Conj/Erth      #.........   100%        6    #######
 Statue Form              Tmut/Erth      #........    100%        6    #######
 Ignition                 Fire           #.........   100%        8    #######
 Shatter                  Erth           #.........   100%        9    #######
 Tornado                  Air            #.........   100%        9    #######


Dungeon Overview and Level Annotations

Branches:
Dungeon (15/15)            Temple (1/1) D:5            Lair (4/6) D:11
 Shoals (0/4) Lair:2       Spider (1/4) Lair:2          Orc (0/2) D:9
 Vaults (0/5) D:14         Depths (0/5) D:15

Altars:
Ashenzari
Cheibriados
Dithmenos
Elyvilon
Fedhas
Gozag
Hepliaklqana
Kikubaaqudgha
Makhleb
Nemelex Xobeh
Okawaru
Qazlal
Ru
Sif Muna
Trog
Uskayaw
Vehumet
Wu Jian
Xom
Yredelemnul
Zin
The Shining One
Beogh

Shops:
D:4 *   D:7 (   D:10 *   D:13 [

Annotations:
D:6 1 runed translucent door, qqq123's ghost, novice GrFi
Lair:2 exclusion: oklob plant
Lair:4 3 runed translucent doors, exclusion: 2 oklob plants, Voxuch's ghost, journeyman GnIE


Innate Abilities, Weirdness & Mutations

You have hooves in place of feet.
Armour fits poorly on your strangely shaped body.
You cover ground very quickly.
You have extremely tough skin. (AC +3)


Message History

You feel sick.
Your butterfly disappears in a puff of smoke!
The wolf spider hits you!
The wolf spider bites you but does no damage.
The jumping spider pounces on you!
You are caught in a web!
The jumping spider bites you. Something misses your butterfly. x2
Tkbsonic5's illusion hits the wolf spider!
Tkbsonic5's illusion burns the wolf spider.
You draw a card...
You have drawn the Cloud.
Clouds appear around you!
You feel sick. The wolf spider hits you! The wolf spider bites you!
* * * LOW HITPOINT WARNING * * *
Something pounces on your butterfly.
Your butterfly dies!
The jumping spider pounces on you!
* * * LOW HITPOINT WARNING * * *
You are even more entangled.
The jumping spider bites you but does no damage.
The wolf spider hits you!!
You die...
Your body glows with a rainbow of weird colours and disappears.

.... ## $... #.#
# ###..###..
#.#....#...
.(..s..#..####
#..b.#...#<#
#.(#§@§..###
..#.#§sbss§....#
...(((§§b@b#...##
##.....§b#.#....#
#..(#########...#
..(.( ..## ..(.
)## ..# ## (>


You could see 2 wolf spiders, a jumping spider and the friendly tkbsonic5's
illusion (summoned).

Vanquished Creatures
  Rupert (Lair:4)
  A rakshasa (D:15)
  2 hydras
  2 centaur warriors (D:15)
  A death knight (D:12)
  3 two-headed ogres
  Nergalle (Lair:4)
  3 skeletal warriors (D:10)
  An unseen horror (D:10)
  A wolf spider (Spider:1)
  A wolf spider zombie (D:12)
  4 ugly things
  An orb spider (Spider:1)
  3 centaur zombies
  A mana viper (shapeshifter) (D:15)
  A guardian serpent (D:15)
  A cyclops (D:12)
  A manticore (D:13)
  5 elephants (Lair:4)
  9 spiny frogs
  2 black mambas
  A gargoyle (D:15)
  A centaur skeleton (D:11)
  A rime drake (Lair:4)
  A freezing wraith (D:14)
  6 komodo dragons
  2 demonic crawlers (Spider:1)
  4 trolls
  7 jumping spiders
  A blink frog (shapeshifter) (D:15)
  10 hippogriffs
  A blink frog (Lair:2)
  11 slime creatures
  4 redbacks (Lair:2)
  6 yaks (Lair:1)
  2 vampires
  A tarantella (Spider:1)
  A water elemental (D:11)
  A wraith (D:15)
  A wyvern (D:15)
  Grum (D:11)
  A hungry ghost (D:13)
  A swamp worm (shapeshifter) (D:15)
  Edmund (D:6)
  An acid dragon (D:13)
  8 porcupines
  3 water moccasins
  A hornet zombie (D:5)
  2 sky beasts
  4 ogres
  5 orc warriors
  3 ice beasts
  3 phantoms
  4 boggarts (D:15)
  An eye of draining (D:12)
  12 wolves
  12 centaurs
  4 crocodiles
  10 big kobolds
  6 bullfrogs
  A wyvern zombie (D:8)
  A water moccasin zombie (D:6)
  2 scorpions
  4 wights (D:15)
  20 killer bees
  4 howler monkeys
  4 electric eels
  A quasit (D:12)
  5 crimson imps
  2 bullfrog zombies
  13 jellies
  7 hounds
  4 bullfrog skeletons
  10 orc priests
  10 orc wizards
  Jessica (D:2)
  4 iguanas
  7 worker ants
  Natasha (twice) (D:2)
  A hound skeleton (D:4)
  12 adders
  4 shadow imps
  6 oozes
  An adder zombie (D:8)
  A worm (D:9)
  4 leopard geckos
  48 orcs
  A ball python (D:2)
  11 bats
  7 giant cockroaches
  5 hobgoblins
  5 jackals
  3 quokkas
  8 frilled lizards
  9 goblins
  A jackal zombie (D:7)
  40 kobolds
  A leopard gecko skeleton (D:8)
  A quokka skeleton (D:8)
  A rat (D:2)
462 creatures vanquished.

Vanquished Creatures (collateral kills)
  A skeletal warrior (D:10)
  An ugly thing (D:12)
  A cyclops (D:12)
  2 wolves (Lair:2)
  A killer bee (D:9)
  A crimson imp (D:5)
  A jelly (D:10)
  An orc wizard (D:5)
  A worker ant (D:5)
  3 leopard geckos (D:5)
  3 orcs
  A quokka (D:5)
  A jackal skeleton (D:5)
  3 kobolds (D:5)
21 creatures vanquished.

Vanquished Creatures (others)
  An orc warrior (D:8)
  An ogre (D:9)
  An adder (D:5)
  3 kobolds
  A fungus (D:6)
  3 plants
  14 toadstools (D:6)
24 creatures vanquished.

Grand Total: 507 creatures vanquished

Notes
Turn   | Place    | Note
-------+----------+-------------------------------------------
     0 | D:1      | tkbsonic5 the Centaur Hunter began the quest for the Orb.
     0 | D:1      | Reached XP level 1. HP: 17/17 MP: 1/1
   414 | D:1      | Reached XP level 2. HP: 20/24 MP: 2/2
   846 | D:2      | Reached skill level 6 in Bows
  1111 | D:2      | Noticed Natasha
  1115 | D:2      | Killed Natasha
  1115 | D:2      | Reached XP level 3. HP: 30/30 MP: 3/3
  1150 | D:2      | Noticed Jessica
  1165 | D:2      | Reached skill level 7 in Bows
  1170 | D:2      | Killed Jessica
  1170 | D:2      | Reached XP level 4. HP: 30/37 MP: 4/4
  1317 | D:2      | Noticed Natasha
  1326 | D:2      | Killed Natasha
  1432 | D:2      | Reached skill level 8 in Bows
  1659 | D:3      | Reached XP level 5. HP: 38/42 MP: 5/5
  2227 | D:4      | Found Roemaa's General Store.
  2264 | D:4      | Reached skill level 9 in Bows
  2305 | D:4      | Bought a scroll of enchant weapon for 75 gold pieces
  2305 | D:4      | Bought a wand of enslavement (5) for 70 gold pieces
  2419 | D:4      | Reached XP level 6. HP: 43/50 MP: 6/6
  2470 | D:4      | Found a shattered altar of Ashenzari.
  2583 | D:4      | Reached skill level 1 in Evocations
  2712 | D:4      | Found a stormy altar of Qazlal.
  3039 | D:5      | Entered Level 5 of the Dungeon
  3047 | D:5      | Found a glowing drain.
  3094 | D:5      | Found a staircase to the Ecumenical Temple.
  3110 | D:5      | Reached skill level 10 in Bows
  3238 | D:5      | Reached XP level 7. HP: 56/56 MP: 8/8
  3459 | D:5      | Reached skill level 11 in Bows
  3648 | D:5      | Found an ornate altar of the Wu Jian Council.
  3973 | D:5      | Reached XP level 8. HP: 21/62 MP: 10/10
  4470 | D:5      | Reached skill level 12 in Bows
  4831 | Temple   | Entered the Ecumenical Temple
  5121 | Temple   | Became a worshipper of Nemelex Xobeh the Trickster
  5174 | D:6      | Noticed Edmund
  5184 | D:6      | Killed Edmund
  5290 | D:6      | Found a radiant altar of Vehumet.
  5312 | D:6      | Received a gift from Nemelex Xobeh
  5605 | D:6      | Reached skill level 13 in Bows
  5641 | D:6      | Noticed a slime creature
  5658 | D:6      | Killed a slime creature
  5658 | D:6      | Reached skill level 5 in Evocations
  5663 | D:6      | Reached XP level 9. HP: 53/68 MP: 12/12
  6012 | D:6      | Found a sparkling altar of Nemelex Xobeh.
  6014 | D:6      | Found a runed translucent door.
  6075 | D:6      | Found a shimmering blue altar of Sif Muna.
  6235 | D:6      | Noticed qqq123's ghost (novice GrFi)
  6329 | D:7      | Reached * piety under Nemelex Xobeh
  6431 | D:7      | Found a hide-covered altar of Uskayaw.
  6482 | D:7      | Received a gift from Nemelex Xobeh
  6507 | D:7      | Found Guacy's Weapon Shop.
  6530 | D:7      | Bought a +2 longbow of flaming for 261 gold pieces
  6636 | D:7      | Found a burning altar of Makhleb.
  6636 | D:7      | Noticed a cacodemon
  6760 | D:8      | Reached skill level 14 in Bows
  6909 | D:8      | Received a gift from Nemelex Xobeh
  7002 | D:8      | Reached ** piety under Nemelex Xobeh
  7069 | D:8      | Found a blossoming altar of Fedhas.
  7069 | D:8      | Found a faded altar of an unknown god.
  7081 | D:8      | Found a shimmering altar of Xom.
  7104 | D:8      | Reached skill level 1 in Invocations
  7122 | D:8      | Found a white marble altar of Elyvilon.
  7123 | D:8      | Found a snail-covered altar of Cheibriados.
  7205 | D:8      | Found a flagged portal.
  7335 | D:8      | Noticed a two-headed ogre
  7359 | D:8      | Killed a two-headed ogre
  7359 | D:8      | Reached skill level 15 in Bows
  7359 | D:8      | Reached XP level 10. HP: 45/77 MP: 14/14
  7706 | D:9      | Received a gift from Nemelex Xobeh
  8877 | D:9      | Found a roughly hewn altar of Beogh.
  8877 | D:9      | Found a staircase to the Orcish Mines.
  9314 | D:10     | Entered Level 10 of the Dungeon
  9380 | D:10     | Received a gift from Nemelex Xobeh
  9410 | D:10     | Noticed an unseen horror
  9423 | D:10     | Killed an unseen horror
  9423 | D:10     | Reached skill level 16 in Bows
  9530 | D:10     | Reached *** piety under Nemelex Xobeh
  9603 | D:10     | Found Delebes's Assorted Antiques.
  9612 | D:10     | Bought a lumpy puce potion for 23 gold pieces
  9612 | D:10     | Bought a scroll of identify for 52 gold pieces
  9612 | D:10     | Bought a scroll labeled GEOHOE HYULAPOU for 26 gold pieces
  9678 | D:10     | Noticed a two-headed ogre
  9685 | D:10     | Killed a two-headed ogre
  9685 | D:10     | Reached skill level 5 in Fighting
  9702 | D:10     | Reached skill level 5 in Invocations
  9716 | D:10     | Received a gift from Nemelex Xobeh
  9773 | D:10     | Noticed a skeletal warrior
  9773 | D:10     | Noticed a skeletal warrior
  9775 | D:10     | Noticed a skeletal warrior
  9795 | D:10     | Killed a skeletal warrior
  9846 | D:10     | Killed a skeletal warrior
  9846 | D:10     | Reached XP level 11. HP: 88/88 MP: 16/16
  9894 | D:10     | Killed a skeletal warrior
 10031 | D:10     | Noticed a skeletal warrior
 10091 | D:10     | Killed a skeletal warrior
 10478 | D:11     | Found a staircase to the Lair.
 10499 | D:11     | Noticed Grum
 10505 | D:11     | Killed Grum
 10515 | D:11     | Reached skill level 17 in Bows
 10844 | D:11     | Received a gift from Nemelex Xobeh
 11075 | Lair:1   | Entered Level 1 of the Lair of Beasts
 11417 | Lair:1   | Noticed Sonja
 11423 | Lair:1   | Noticed Sonja
 11423 | Lair:1   | Sonja changed into Sonja the big kobold
 11429 | Lair:1   | Killed Sonja the big kobold
 11709 | Lair:1   | Reached **** piety under Nemelex Xobeh
 12086 | Lair:2   | Found a staircase to the Shoals.
 12282 | Lair:2   | Reached XP level 12. HP: 100/100 MP: 18/18
 12375 | Lair:2   | Received a gift from Nemelex Xobeh
 12597 | Lair:2   | Reached skill level 18 in Bows
 12892 | Lair:2   | Received a gift from Nemelex Xobeh
 12912 | Lair:2   | Identified Easy Wizardry
 12919 | Lair:2   | Found a hole to the Spider Nest.
 13846 | Lair:3   | Received a gift from Nemelex Xobeh
 14047 | Lair:3   | Received a gift from Nemelex Xobeh
 14070 | Lair:3   | Reached ***** piety under Nemelex Xobeh
 14769 | Lair:4   | Noticed Nergalle
 14773 | Lair:4   | Killed Nergalle
 14882 | Lair:4   | Reached skill level 19 in Bows
 15065 | Lair:4   | Found a runed translucent gate.
 15065 | Lair:4   | Found a runed translucent gate.
 15065 | Lair:4   | Found a runed translucent gate.
 15067 | Lair:4   | Noticed Voxuch's ghost (journeyman GnIE)
 15093 | Lair:4   | Noticed Rupert
 15094 | Lair:4   | Paralysed by Rupert for 3 turns
 15099 | Lair:4   | Paralysed by Rupert for 6 turns
 15114 | Lair:4   | Killed Rupert
 15242 | Lair:4   | Received a gift from Nemelex Xobeh
 15565 | Lair:3   | Reached XP level 13. HP: 98/108 MP: 20/20
 15956 | D:12     | Identified the -1 long sword of Reapportionment {vorpal,
                  | rC+ Int+4}
 16564 | D:12     | Identified a scroll of acquirement
 16564 | D:12     | Acquired a +2 centaur barding of stealth
 16587 | D:12     | Learned a level 1 spell: Summon Butterflies
 16589 | D:12     | Learned a level 1 spell: Corona
 16591 | D:12     | Learned a level 1 spell: Infusion
 16594 | D:12     | Learned a level 2 spell: Ensorcelled Hibernation
 16692 | D:12     | Reached skill level 1 in Armour
 16717 | D:12     | Found an opulent altar of Gozag.
 17073 | D:12     | Learned a level 1 spell: Sandblast
 17076 | D:12     | Learned a level 2 spell: Song of Slaying
 17112 | D:13     | Found a white marble altar of Elyvilon.
 17113 | D:13     | Received a gift from Nemelex Xobeh
 17436 | D:13     | Reached skill level 1 in Summonings
 17697 | D:13     | Found Kumonu's Antique Armour Shop.
 17702 | D:13     | Bought a pair of scorched gloves for 266 gold pieces
 17707 | D:13     | Identified the +0 pair of gloves "Ifiramux" {-Tele rElec
                  | Dex+6 Stlth+} (You bought it in a shop on level 13 of the
                  | Dungeon)
 17947 | D:14     | Received a gift from Nemelex Xobeh
 17957 | D:14     | Reached skill level 1 in Charms
 18010 | D:14     | Reached skill level 1 in Hexes
 18023 | D:14     | Found a gate to the Vaults.
 18025 | D:14     | Reached skill level 1 in Spellcasting
 18067 | D:14     | Found an iron altar of Okawaru.
 18557 | D:15     | Entered Level 15 of the Dungeon
 18568 | D:15     | Received a gift from Nemelex Xobeh
 18775 | D:15     | Reached skill level 10 in Evocations
 19089 | D:15     | Found a staircase to the Depths.
 19374 | D:15     | Learned a level 2 spell: Slow
 19378 | D:15     | Learned a level 3 spell: Confusing Touch
 19814 | D:13     | Bought a shiny ring mail for 196 gold pieces
 19814 | D:13     | Bought a glowing ring mail for 196 gold pieces
 19958 | Spider:1 | Entered Level 1 of the Spider Nest
 20060 | Spider:1 | Reached XP level 14. HP: 101/119 MP: 21/21
 20067 | Spider:1 | Slain by a wolf spider

Illustrated notes

Levels and vault maps discovered:
D:1:      minmay_arrival_shattered_statue, layout_basic, grunt_decor_resistance,
          minmay_small_reverse_x
D:2:      layout_loops_ring, uniq_natasha, uniq_jessica
D:3:      layout_rooms, first_ration
D:4:      layout_loops_ring, nicolae_ashenzari_panopticon, serial_shops, shop,
          nicolae_qazlal_general_emergency
D:5:      layout_loops_ring, lemuel_doored_altar, temple_pool_b,
          cheibrodos_sewer_entry_sluice, lexackson_kobold_supper
D:6:      cheibrodos_fertilizer, layout_basic, fiery_altar_vehumet,
          led_sif_pool, ebering_ghost_reflecting_pool,
          nemelex_xobeh_ov_fountains_minmay, uniq_edmund
D:7:      layout_rooms, eat_drink_and_be_merry_uskayaw, serial_shops, shop,
          makhleb_altar_promises_db
D:8:      layout_basic, chequers_temple_overflow_minitemple, enter_bailey_3
D:9:      layout_cave_pods, david_orc_5
D:10:     layout_basic, serial_shops, nicolae_shop_overgrown_old_shop,
          hangedman_little_slice_of_home
D:11:     layout_rooms, erik_lair_island, uniq_grum
D:12:     layout_rooms, nicolae_gozag_seed_capital
D:13:     layout_gridville, serial_shops, kennysheep_little_box,
          elyvilon_altar_5
D:14:     layout_basic, david_vaults_1, okawaru_ov_weapons_minmay
D:15:     gammafunk_enter_depths_forms, layout_long_grid, serial_park_tiny_1,
          nrook_guardian_serpent_ordinary
Temple:   oiseaux_autumnal_temple
Lair:1:   layout_regular_city, uniq_sonja
Lair:2:   layout_hall_layers, elwin_shoals_entry_rocks,
          nicolae_spider_entry_tight_spaces, minmay_lair_oklob_chamber,
          wad_woods_river_01
Lair:3:   layout_chaotic_city
Lair:4:   dpeg_oklob_gauntlet, layout_hall_layers, gammafunk_ghost_necromancy,
          uniq_nergalle, uniq_rupert
Spider:1: layout_spider_delve

Skill      XL: |  1  2  3  4  5  6  7  8  9 10 11 12 13 |
---------------+----------------------------------------+-----
Bows           | 6 7 8 9 10 11 13 15 16 17 19 | 19.9
Evocations     | 2 3 5 6 7 8 9 10 | 10.0
Invocations    | 2 5 7 9 |  9.6
Fighting       | 3 5 7 8 9 |  9.7
Armour         | 2 |  2.1
Dodging        | 2 |  2.7
Summonings     | 3 |  3.1
Charms         | 2 |  2.2
Hexes          | 2 |  2.2
Spellcasting   | 1 |  1.7
Short Blades   | |  0.3
Stealth        | |  0.4

Action                   |  1- 3 |  4- 6 |  7- 9 | 10-12 | 13-15 || total
-------------------------+-------+-------+-------+-------+-------++-------
Melee: Great sword       |       |     1 |       |       |       ||     1
       Dagger            |       |     1 |       |       |       ||     1
       Kick              |       |     1 |       |       |       ||     1
 Fire: Shortbow          |    89 |   215 |   245 |       |       ||   549
       Longbow           |       |       |   108 |   531 |   328 ||   967
 Cast: Infusion          |       |       |       |       |     1 ||     1
Invok: Draw Destruction  |       |       |     1 |    15 |     3 ||    19
       Draw Summoning    |       |       |       |     5 |     1 ||     6
       Draw Escape       |       |       |       |     2 |     1 ||     3
       Triple Draw       |       |       |       |     2 |       ||     2
       Deal Four         |       |       |       |     2 |     2 ||     4
       Stack Five        |       |       |       |       |     1 ||     1
Evoke: Wand              |       |     2 |    22 |    39 |    22 ||    85
  Use: Scroll            |     4 |     5 |    16 |    12 |    13 ||    50
       Potion            |       |       |     6 |     8 |     1 ||    15
  Eat: Chunk             |       |     5 |     3 |     5 |     2 ||    15
       Ration            |       |       |     2 |     6 |     3 ||    11
Armor: Leather armour    |    14 |       |       |       |       ||    14
       Scale mail        |     9 |    43 |    41 |    88 |    43 ||   224
       Ring mail         |       |       |       |       |    19 ||    19
Dodge: Dodged            |    18 |    25 |    33 |    50 |    23 ||   149
